 Dungeon Crawl Stone Soup version 0.22-a0-322-g60b3cfd (webtiles) character file.

96 4thArraOfDagon the Cutter (level 4, -6/30 HPs)
             Began as a Mummy Enchanter on Apr 3, 2018.
             Was an Initiate of Cheibriados.
             Mangled by a gnoll
             ... wielding a +0 halberd
              (12 damage)
             ... on level 4 of the Dungeon.
             The game lasted 00:03:04 (928 turns).

4thArraOfDagon the Cutter (Mummy Enchanter)          Turns: 928, Time: 00:03:05

Health: -6/30      AC:  2    Str: 12    XL:     4   Next: 41%
Magic:  8/8        EV: 12    Int: 16    God:    Cheibriados [......]
Gold:   67         SH:  3    Dex: 13    Spells: 5/8 levels left

rFire    x . .     SeeInvis .   a - +1 dagger
rCold    + . .     Gourm    .   (no shield)
rNeg     + + +     Faith    .   b - +0 robe
rPois    ∞         Spirit   .   (no helmet)
rElec    .         Reflect  +   (no cloak)
rCorr    .         Harm     .   (no gloves)
MR       .....                  (no boots)
Stlth    ++........             f - +3 amulet of reflection
HPRegen  0.10/turn              (no ring)
MPRegen  0.11/turn              (no ring)

@: about to teleport, very slow
A: no food or potions, fire vulnerability, cold resistance 1, negative energy
resistance 3, torment resistance, unbreathing
a: Bend Time, Renounce Religion


You were on level 4 of the Dungeon.
You worshipped Cheibriados.
Cheibriados was noncommittal.
You were not hungry.

You visited 2 branches of the dungeon, and saw 5 of its levels.

You collected 67 gold pieces.

Inventory:

Hand Weapons
 a - a +1 dagger (weapon)
Armour
 b - a +0 robe (worn)
Jewellery
 f - a +3 amulet of reflection (around neck)
Wands
 g - a wand of iceblast (11)
Scrolls
 e - a scroll of magic mapping
 i - a scroll of amnesia
 j - a scroll of enchant armour


   Skills:
 + Level 0.0 Fighting
 * Level 3.5 Short Blades
 + Level 0.0 Armour
 + Level 1.5 Dodging
 - Level 2.4 Stealth
 - Level 2.6 Spellcasting
 - Level 2.6 Hexes
 + Level 0.0 Invocations


You had 5 spell levels left.
You knew the following spells:

 Your Spells              Type           Power        Failure   Level  Hunger
a - Corona                Hex            ##.....      6%          1    N/A
b - Ensorcelled Hibernat  Hex/Ice        #.....       17%         2    N/A

Dungeon Overview and Level Annotations

Branches:
Dungeon (4/15)             Temple (1/1) D:4

Altars:
Ashenzari
Cheibriados
Fedhas
Makhleb
Nemelex Xobeh
Ru
Sif Muna
Uskayaw
Wu Jian
Yredelemnul
Zin
The Shining One


Innate Abilities, Weirdness & Mutations

You do not eat or drink.
Your flesh is vulnerable to fire.
You are immune to poison.
Your flesh is cold resistant. (rC+)
You are immune to negative energy. (rN+++)
You are immune to unholy pain and torment.
You can survive without breathing.


Message History

It is a scroll of identify.
i - a scroll of amnesia
As you read the scroll of identify, it crumbles to dust.
j - a scroll of enchant armour
As you read the scroll of identify, it crumbles to dust.
e - a scroll of magic mapping
As you read the scroll labeled LAHOSE ZEATT, it crumbles to dust.
Your +1 dagger glows mottled orange for a moment.
It was a scroll of random uselessness.
Unknown command.
As you read the scroll labeled GOPYEC MIWO, it crumbles to dust.
You feel strangely unstable.
It was a scroll of teleportation.
You climb upwards.
Welcome back to the Dungeon!
The leopard gecko misses you. The gnoll hits you with a halberd!
The gnoll misses you. The orc hits you with a club.
The leopard gecko bites you.
* * * LOW HITPOINT WARNING * * *
The ooze hits you.
* * * LOW HITPOINT WARNING * * *
The gnoll hits you with a halberd!
You die...

......#.#...#.#.g
......!..!..>.... #.#
..[...!.....gg# ..
#.....##.##.##.##
.###..<..#.........###
#......................
######....#.!⌠Zo.⌠..#
........#...g.g...##.
...=...#.(...l@J).....
#!.....###....o...!#..
........ #..⌠...⌠..#
#....###..............
#.... #.#.........##.
... #.##.##.##.## #
........# ##########


You could see 4 gnolls, an ooze, 2 orcs, a leopard gecko and a hound skeleton.

Vanquished Creatures
  A gnoll sergeant (D:3)
  2 adders
  A dart slug (D:1)
  A leopard gecko (D:1)
  A giant cockroach (D:2)
  4 goblins
  A quokka (D:3)
  A ball python (D:1)
  2 bats
  A frilled lizard (D:1)
  3 kobolds
  4 rats
22 creatures vanquished.

Notes
Turn   | Place    | Note
-------+----------+-------------------------------------------
     0 | D:1      | 4thArraOfDagon the Mummy Enchanter began the quest for the Orb.
     0 | D:1      | Reached XP level 1. HP: 13/13 MP: 4/4
    86 | D:1      | Reached skill level 1 in Short Blades
   212 | D:1      | Reached XP level 2. HP: 19/19 MP: 5/5
   246 | D:1      | Learned a level 2 spell: Ensorcelled Hibernation
   460 | D:2      | Reached skill level 2 in Short Blades
   633 | D:3      | Reached XP level 3. HP: 22/24 MP: 0/7
   730 | D:4      | Noticed a gnoll sergeant
   736 | D:3      | Killed a gnoll sergeant
   736 | D:3      | Reached skill level 3 in Short Blades
   736 | D:3      | Reached XP level 4. HP: 14/30 MP: 6/8
   849 | D:4      | Found a staircase to the Ecumenical Temple.
   859 | Temple   | Entered the Ecumenical Temple
   892 | Temple   | Became a worshipper of Cheibriados the Contemplative
   928 | D:4      | Mangled by a gnoll

Vault maps used:
D:1:      wheals_arrival_linesprint
D:3:      serial_park_tiny_2, uniq_robin, uniq_terence
D:4:      minmay_temple_entry_large_hall, first_ration, minmay_close_crescents,
          uniq_natasha, uniq_edmund
Temple:   kilobyte_greek_temple

Skill      XL: |  1  2  3 |
---------------+----------+-----
Short Blades   | 1 2 3 |  3.5
Dodging        | |  1.5
Stealth        | |  2.4
Spellcasting   | |  2.6
Hexes          | |  2.6

Action                   |  1- 3 |  4- 6 || total
-------------------------+-------+-------++-------
Melee: Dagger            |    52 |     5 ||    57
 Cast: Corona            |     4 |       ||     4
       Ensorcelled Hiber |     7 |       ||     7
Evoke: Wand              |     2 |     1 ||     3
  Use: Scroll            |       |     5 ||     5
 Stab: Sleeping          |     7 |       ||     7
Armor: Robe              |    20 |       ||    20
Dodge: Dodged            |    43 |     4 ||    47
Block: Other             |     3 |       ||     3

Table legend:
 A = Spawn XP
 B = Non-spawn XP
 C = Spawn XP percentage of total XP
 D = Spawn monster count
 E = Non-spawn monster count
 F = Spawn count percentage of total count
 G = Total turns spent on level
                    A         B        C        D         E        F      G
               +---------+---------+-------+---------+---------+-------+---------
         Total |       0 |     138 |   0.0 |       0 |      22 |   0.0 |   928
               +---------+---------+-------+---------+---------+-------+---------
           D:1 |       0 |      17 |   0.0 |       0 |      10 |   0.0 |   310
           D:2 |       0 |      19 |   0.0 |       0 |       5 |   0.0 |   292
           D:3 |       0 |     102 |   0.0 |       0 |       7 |   0.0 |   244
               +---------+---------+-------+---------+---------+-------+---------
